 Dungeon Crawl Stone Soup version 0.22-a0-284-g99d1f74 (webtiles) character file.

256 Amnesiac the Ducker (level 5, -1/28 HPs)
             Began as a Spriggan Fighter on Mar 21, 2018.
             Slain by a sky beast (5 damage)
             ... on level 5 of the Dungeon.
             The game lasted 00:04:13 (2082 turns).

Amnesiac the Ducker (Spriggan Fighter)              Turns: 2082, Time: 00:04:14

Health: -1/28      AC:  2    Str: 13    XL:     5   Next: 92%
Magic:  9/9        EV: 20    Int: 10    God:
Gold:   130        SH:  7    Dex: 15    Spells: 4/4 levels left

rFire    . . .     SeeInvis +   a - +0 long sword
rCold    . . .     Gourm    .   c - +1 buckler
rNeg     . . .     Faith    .   b - +0 robe
rPois    .         Spirit   .   (helmet restricted)
rElec    .         Reflect  .   (no cloak)
rCorr    .         Harm     .   (gloves unavailable)
MR       .....                  (boots unavailable)
Stlth    +.........             (no amulet)
HPRegen  0.09/turn              (no ring)
MPRegen  0.11/turn              (no ring)

@: very quick
A: very small, unfitting armour, see invisible, herbivore, speed 3, slow
metabolism 2
a: no special abilities


You were on level 5 of the Dungeon.
You were not hungry.

You visited 1 branch of the dungeon, and saw 5 of its levels.

You collected 130 gold pieces.

Inventory:

Hand Weapons
 a - a +0 long sword (weapon)
Missiles
 h - 20 poisoned needles
Armour
 b - a +0 robe (worn)
 c - a +1 buckler (worn)
Wands
 l - a wand of iceblast (4)
Scrolls
 e - 2 scrolls of remove curse {!r, unknown}
 g - a scroll of immolation {!r, unknown}
 i - a scroll of magic mapping {!r, unknown}
 n - a scroll of identify {!r, unknown}
Potions
 d - a potion of might {!q}
 j - a potion of curing {!q}
 k - a potion of flight {!q, unknown}
 m - a potion of haste {!q, unknown}
Comestibles
 f - 6 rations


   Skills:
 - Level 2.9 Fighting
 - Level 2.7 Long Blades
 - Level 5.2 Dodging
 - Level 2.6 Shields
 + Level 5.1 Evocations


You had 4 spell levels left.
You didn't know any spells.

Dungeon Overview and Level Annotations

Branches:
Dungeon (5/15)
 Temple: D:4-7

Altars:
Cheibriados
Makhleb
Nemelex Xobeh
Ru
Uskayaw
Yredelemnul

Shops:
D:5 [


Innate Abilities, Weirdness & Mutations

You are very small and have problems with some larger weapons.
You are too small for most types of armour.
You have supernaturally acute eyesight. (SInv)
You are a herbivore.
You cover ground extremely quickly.
You need to consume almost no food.


Message History

a whip; a ring mail; an orc corpse You now have 130 gold pieces (gained 13).
You see here a flail.
There is a stone staircase leading up here.
Found 24 stones.
You see here 24 stones.
Found a stone staircase leading up.
An adder is nearby!
The adder hisses angrily.
You barely miss the adder.
The adder closely misses you. x2; You riposte.
You barely miss the adder. You hit the adder but do no damage.
The adder misses you.
You riposte.
You slash the adder!
The adder is severely wounded.
The adder completely misses you.
You miss the adder.
The adder is severely wounded.
The adder closely misses you.
You closely miss the adder.
The adder is severely wounded.
The adder closely misses you.
You riposte.
You barely miss the adder.
The adder is severely wounded.
The adder closely misses you.
You hit the adder.
You kill the adder!
Your Evocations skill increases to level 5!
No target in view!
You open the door.
There is an open door here.
The sky beast is too close now for your liking.
A sky beast is nearby!
A sky beast is nearby!
A sky beast is nearby!
Evoke which item? (* to show all) (? for menu, Esc to quit)
Aiming: Iceblast
Press: ? - help, Shift-Dir - straight line, f - sky beast
Aim: a sky beast (hasn't noticed you)
The mass of ice explodes!
The iceblast engulfs the sky beast.
The sky beast is moderately wounded.
Evoke which item? (* to show all) (? for menu, Esc to quit)
Aiming: Iceblast
Press: ? - help, Shift-Dir - straight line, f/p - sky beast
Aim: a sky beast (moderately wounded)
The mass of ice explodes!
The iceblast engulfs the sky beast.
The sky beast is severely wounded.
You hit the sky beast.
The sky beast is almost dead.
The sky beast flickers out of sight for a moment.
You block the sky beast's attack. The sky beast hits you.
The sky beast shocks you.
You closely miss the sky beast.
The sky beast is almost dead.
The sky beast hits you. The sky beast shocks you.
* * * LOW HITPOINT WARNING * * *
You miss the sky beast.
The sky beast is almost dead.
The sky beast hits you.
* * * LOW HITPOINT WARNING * * *
The sky beast shocks you.
* * * LOW HITPOINT WARNING * * *
The sky beast hits you.
* * * LOW HITPOINT WARNING * * *
The sky beast shocks you.
You die...

#.# #.##....##.......###.
#Y####.##....##...........
#.##)........##...........
#.##.#>...................
#.##.#.#.....##...........
#.##.#.#.....#########....
#.##.#.#.#.###########....
#.##.#.#.#Y...............
#.##.#.#.@.....######.....
#.##O#.#######.#..........
#.##!#.# #.#.####.....
#.##.#.# #.#.#........
#.##.#.## #.#.#.#.#'###
#.......# #.#.#.#.#.#
##########...# #.#.#.....#
#............# #.#.#.....#
##.#######...# #.#.#.....#


You could see a sky beast.

Vanquished Creatures
  An ogre (D:5)
  A hound (D:4)
  An orc wizard (D:5)
  A worker ant (D:5)
  5 adders
  A shadow imp (D:5)
  An ooze (D:5)
  A dart slug (D:1)
  5 orcs (D:5)
  4 bats
  5 jackals
  4 frilled lizards
  A kobold (D:1)
  5 rats
36 creatures vanquished.

Notes
Turn   | Place    | Note
-------+----------+-------------------------------------------
     0 | D:1      | Amnesiac the Spriggan Fighter began the quest for the Orb.
     0 | D:1      | Reached XP level 1. HP: 11/11 MP: 2/2
   154 | D:1      | Reached XP level 2. HP: 13/16 MP: 3/3
   376 | D:4      | Noticed a phantom
   625 | D:4      | Reached XP level 3. HP: 13/19 MP: 4/4
   740 | D:4      | Found a basalt altar of Yredelemnul.
   754 | D:4      | Reached skill level 5 in Dodging
   873 | D:4      | Noticed an ogre
   900 | D:4      | Noticed an ogre
   948 | D:5      | Entered Level 5 of the Dungeon
  1206 | D:4      | Reached XP level 4. HP: 17/23 MP: 5/5
  1325 | D:5      | Noticed a sky beast
  1358 | D:5      | Noticed an ogre
  1408 | D:5      | Found Zeuff's Antique Armour Shop.
  1472 | D:5      | Found a burning altar of Makhleb.
  1475 | D:5      | Found a hide-covered altar of Uskayaw.
  1475 | D:5      | Found a snail-covered altar of Cheibriados.
  1477 | D:5      | Found a sparkling altar of Nemelex Xobeh.
  1477 | D:5      | Found a sacrificial altar of Ru.
  1739 | D:5      | Killed an ogre
  1739 | D:5      | Reached XP level 5. HP: 26/28 MP: 5/8
  2042 | D:5      | Reached skill level 5 in Evocations
  2082 | D:5      | Slain by a sky beast

Vault maps used:
D:1:      nzn_arrival_settlement
D:2:      lemuel_round_altar, uniq_jessica
D:4:      first_ration, yredelemnul_altar_generic
D:5:      grunt_temple_overflow_open, serial_shops, shop

Skill      XL: |  1  2  3  4  5 |
---------------+----------------+-----
Long Blades    | 2 |  2.7
Dodging        | 5 |  5.2
Evocations     | 3 5 |  5.1
Fighting       | |  2.9
Shields        | |  2.6

Action                   |  1- 3 |  4- 6 || total
-------------------------+-------+-------++-------
Melee: Long sword        |    52 |    59 ||   111
Evoke: Wand              |       |     8 ||     8
  Use: Potion            |     1 |       ||     1
       Scroll            |     2 |       ||     2
 Stab: Sleeping          |     3 |       ||     3
Armor: Robe              |       |     3 ||     3
Dodge: Dodged            |    48 |    44 ||    92
Block: Buckler           |    15 |    26 ||    41
       Rpst.: Long sword |    20 |    15 ||    35

Table legend:
 A = Spawn XP
 B = Non-spawn XP
 C = Spawn XP percentage of total XP
 D = Spawn monster count
 E = Non-spawn monster count
 F = Spawn count percentage of total count
 G = Total turns spent on level
                    A         B        C        D         E        F      G
               +---------+---------+-------+---------+---------+-------+---------
         Total |       0 |     366 |   0.0 |       0 |      36 |   0.0 |  2082
               +---------+---------+-------+---------+---------+-------+---------
           D:1 |       0 |      13 |   0.0 |       0 |       9 |   0.0 |   226
           D:2 |       0 |       1 |   0.0 |       0 |       1 |   0.0 |    18
           D:3 |       0 |      19 |   0.0 |       0 |       4 |   0.0 |    95
           D:4 |       0 |      72 |   0.0 |       0 |       5 |   0.0 |   902
           D:5 |       0 |     261 |   0.0 |       0 |      17 |   0.0 |   841
               +---------+---------+-------+---------+---------+-------+---------
